 Dungeon Crawl Stone Soup version 0.31-a0-145-g046c7d2549 (webtiles) character file.

Game seed: 11375771668480555539

23577 wayreth the Fighter (level 12, 0/90 (100) HPs)
             Began as a Demonspawn Berserker on June 5, 2023.
             Was a High Priest of Trog.
             Slain by an ettin
             ... wielding a +0 dire flail
              (6 damage)
             ... on level 1 of the Orcish Mines.
             The game lasted 00:46:54 (16636 turns).

wayreth the Fighter (Demonspawn Berserker)         Turns: 16636, Time: 00:46:55

HP:   0/90 (100)    AC: 41    Str: 23    XL:     12   Next: 73%
MP:   0/12          EV:  6    Int: 12    God:    Trog [*****.]
Gold: 1452          SH:  0    Dex: 13    Spells: 11/11 levels left

rFire   . .          .
                       - Unarmed
rCold   . . .        (no shield)
rNeg    . . .        o - +6 crystal plate armour {ponderous}
rPois   .            c - +2 helmet
rElec   .            u - +0 cloak
rCorr   .            g - +1 pair of gloves {infuse}
SInv    +            h - +2 pair of boots
Will    .....        x - amulet of guardian spirit Stlth
                     m - +4 ring of protection
HPRegen 0.35/turn    e - ring of see invisible
MPRegen 0.13/turn

%: guardian spirit
@: about to teleport, heavily drained, slow
A: icemail 1, spiny 2, big brain 2, condensation shield
a: Renounce Religion, Berserk, Trog's Hand, Brothers in Arms


You were on level 1 of the Orcish Mines.
You worshipped Trog.
Trog was extremely pleased with you.
You visited 2 branches of the dungeon, and saw 13 of its levels.
You also visited: Bailey.

You collected 1452 gold pieces.

Inventory:

Missiles
 s - 6 throwing nets (quivered)
Armour
 c - a +2 helmet (worn)
 g - a +1 pair of gloves of infusion (worn)
 h - a +2 pair of boots (worn)
 k - a +2 ring mail of willpower
 o - a +6 crystal plate armour of ponderousness (worn)
 u - a +0 cloak (worn)
 y - the +2 leather armour "Oddaw" {rCorr}
   (You found it on level 11 of the Dungeon)

   rCorr:     It protects you from acid and corrosion.
Jewellery
 e - a ring of see invisible (right hand)
 i - a ring of magical power
 m - a +4 ring of protection (left hand)
 p - a ring of protection from cold
 r - a +6 ring of intelligence
 t - a ring of ice
 x - an amulet of guardian spirit (around neck)
Wands
 l - a wand of roots (6)
Scrolls
 a - 2 scrolls of brand weapon
 b - 2 scrolls of teleportation
 d - a scroll of fog {unknown}
 f - 5 scrolls of identify
 n - a scroll of enchant weapon
 v - 2 scrolls of magic mapping
Potions
 j - a potion of invisibility
 w - a potion of lignification


   Skills:
 - Level 11.2 Fighting
 * Level 10.6 Armour
 - Level 6.7 Dodging
 - Level 6.0 Shields
 + Level 11.1 Unarmed Combat


You had 11 spell levels left.
You didn't know any spells.
Your spell library was empty.

Dungeon Overview and Level Annotations

Branches:
Dungeon (11/15)            Temple (0/1) D:4            Lair (0/5) D:9
    Orc (2/2) D:11         Bailey (visited)
    Elf: Orc:2

Altars:
Ashenzari
Dithmenos
Fedhas
Hepliaklqana
Makhleb
Qazlal
Vehumet
Xom

Shops:
D:1 ?   D:7 *   D:8 (   Orc:1 [   Orc:2 *

Annotations:
D:3 2 runed translucent doors, Takeo's ghost, amateur TeAE
D:10 3 runed translucent doors, Chingon's ghost, journeyman DsNe


Innate Abilities, Weirdness & Mutations

A meltable icy envelope protects you from harm. (AC +0)
You are mostly covered in sharp spines.
You have an extremely huge brain. (Int +4)
A meltable shield of frost defends you. (SH +0)


Message History

There is a stone staircase leading up, spattered with blood here.
An ogre comes into view. It is wielding a +0 giant spiked club.
You climb upwards.
There is a stone staircase leading down, spattered with blood here.
You see here a +2 heavy glaive.
You punch the cyclops!
The cyclops is lightly wounded.
The cyclops is struck by your spines.
The cyclops hits you but does no damage.
You pummel the cyclops!!
The cyclops is severely wounded.
You pummel the cyclops!!
You kill the cyclops!
Trog accepts your kill.
No target in view!
You climb downwards.
The ogre mage points at you and mumbles some strange words.
The bolt of magma hits you but does no damage.
The ettin hits you with a +0 dire flail!!
The ettin hits you but does no damage.
You feel drained.
The ettin hits you but does no damage. x2; You feel drained.
There is a stone staircase leading up, spattered with blood here.
The ettin hits you with a +0 dire flail!
The ettin hits you with a +0 dire flail of draining!!
You feel drained.
* * * LOW HITPOINT WARNING * * *
You climb upwards.
There is a stone staircase leading down, spattered with blood here.
You see here a +2 heavy glaive.
As you read the scroll of teleportation, it crumbles to dust.
You feel strangely unstable. The ettin is struck by your spines.
The ettin hits you but does no damage.
The ettin hits you with a +0 dire flail of draining!
* * * LOW HITPOINT WARNING * * *
You feel drained.
* * * LOW HITPOINT WARNING * * *
Items here: ))) ÷.
The ettin attacks as you move away!
The ettin hits you with a +0 dire flail.
You die...

#### ###### .#.## ###
##..#.### ....#
###.###.⌠.⌠...##
...####....#...8.....#
...)......#......#...#
#.....#..............#
......#.........@)[.##
#.....#.........C>(..#
......#.........)[)..#
....#.#.#....#.......#
.....###....#........#
......#......#......##
.............##^#...##
.........#...###.....#
.....................#


You could see an ettin.

Vanquished Creatures
  A minotaur (D:11)
  An ogre mage (Orc:1)
  8 two-headed ogres
  2 cyclopes (Orc:1)
  Maurice (D:10)
  An elephant (D:8)
  3 gargoyles
  A komodo dragon (D:11)
  2 hornets
  10 trolls
  27 yaks
  2 wyverns
  A wraith (D:9)
  2 basilisks
  3 steam dragons
  A warg (Orc:2)
  An acid dragon (D:9)
  2 black bears
  13 orc warriors
  2 ice beasts
  A sky beast (D:7)
  4 wolves (Bailey)
  18 ogres
  5 centaurs
  2 phantoms
  11 gnoll sergeants
  3 bullfrogs
  3 scorpions
  6 killer bees (D:9)
  A howler monkey (D:8)
  4 hounds
  7 gnoll boudas
  9 orc priests
  3 iguanas
  5 sleepcaps
  12 orc wizards
  Robin (D:4)
  23 gnolls
  6 adders
  3 white imps
  An ufetubus (D:4)
  2 dart slugs (D:4)
  50 orcs
  8 ball pythons
  4 endoplasms
  2 giant cockroaches (D:1)
  25 goblins
  7 hobgoblins
  A jackal (D:4)
  2 quokkas
  2 bats
  A frilled lizard (D:2)
  7 kobolds
  9 rats
332 creatures vanquished.

Vanquished Creatures (collateral kills)
  A troll (Orc:1)
  2 orc warriors (Orc:1)
  An orc priest (Orc:1)
  An orc wizard (Orc:1)
  4 orcs (Orc:1)
9 creatures vanquished.

Vanquished Creatures (others)
  An ogre (D:11)
1 creature vanquished.

Grand Total: 342 creatures vanquished

Notes
Turn   | Place    | Note
-------+----------+-------------------------------------------
     0 | D:1      | wayreth the Demonspawn Berserker began the quest for the
                  | Orb.
     0 | D:1      | Reached XP level 1. HP: 18/18 MP: 1/1
    31 | D:1      | Found Hovain's Magic Scroll Boutique.
   120 | D:1      | Gained mutation: You have an unusually large brain. (Int
                  | +2) [demonic ancestry]
   120 | D:1      | Reached XP level 2. HP: 20/24 MP: 2/2
   494 | D:1      | Reached XP level 3. HP: 27/30 MP: 3/3
   744 | D:1      | Found a faded altar of an unknown god.
  2022 | D:3      | Found a large runed translucent door.
  2022 | D:3      | Found a large runed translucent door.
  2026 | D:3      | Reached ** piety under Trog
  2151 | D:3      | Reached skill level 5 in Fighting
  2151 | D:3      | Gained mutation: You are partially covered in sharp spines.
                  | [demonic ancestry]
  2151 | D:3      | Reached XP level 4. HP: 32/39 MP: 1/4
  2187 | D:3      | Noticed Takeo's ghost (amateur TeAE)
  2918 | D:4      | Noticed a scorpion
  2927 | D:4      | Killed a scorpion
  2928 | D:4      | Gained mutation: A meltable shield of frost defends you.
                  | (SH +0) [demonic ancestry]
  2928 | D:4      | Reached XP level 5. HP: 19/46 MP: 2/5
  3220 | D:4      | Noticed Robin
  3244 | D:4      | Killed Robin
  3425 | D:4      | Found a staircase to the Ecumenical Temple.
  3848 | D:4      | Noticed an ogre
  3853 | D:4      | Killed an ogre
  3854 | D:4      | Reached XP level 6. HP: 53/53 MP: 1/6
  4101 | D:5      | Entered Level 5 of the Dungeon
  4349 | D:5      | Reached *** piety under Trog
  4507 | D:5      | Reached XP level 7. HP: 25/60 MP: 0/7
  4770 | D:5      | Reached skill level 5 in Dodging
  5840 | D:6      | Reached XP level 8. HP: 67/67 MP: 4/8
  6591 | D:7      | Reached skill level 5 in Armour
  7010 | D:7      | Found Jouseh's Blasphemy Boutique.
  7339 | D:8      | Reached XP level 9. HP: 72/72 MP: 1/9
  7441 | D:8      | Noticed a troll
  7454 | D:8      | Killed a troll
  7533 | D:8      | Found a shimmering altar of Xom.
  7783 | D:8      | Reached skill level 5 in Unarmed Combat
  7907 | D:8      | Found a broken altar of Ashenzari.
  7941 | D:8      | Reached **** piety under Trog
  8242 | D:8      | Found a transporter.
  8243 | D:8      | Found Vasecwyi's Weapon Boutique.
  8263 | D:8      | Found a transporter.
  8533 | D:8      | Gained mutation: You have an extremely huge brain. (Int +4)
                  | [demonic ancestry]
  8533 | D:8      | Reached XP level 10. HP: 71/79 MP: 0/10
  9122 | D:9      | Found a flagged portal.
  9124 | D:9      | Noticed a two-headed ogre
  9137 | D:9      | Killed a two-headed ogre
  9180 | Bailey   | Entered a bailey
  9847 | Bailey   | Reached skill level 1 in Shields
  9890 | Bailey   | Identified the +4 executioner's axe of the Little People
                  | {flame, Will+}
 10040 | Bailey   | Identified the staff of air "Waar" {rElec rN+ Str+5}
 10677 | D:9      | Found a staircase to the Lair.
 10678 | D:9      | Noticed an elephant
 10720 | D:8      | Killed an elephant
 10721 | D:8      | Reached skill level 5 in Shields
 10862 | D:9      | Gained mutation: You are mostly covered in sharp spines.
                  | [demonic ancestry]
 10862 | D:9      | Reached XP level 11. HP: 84/84 MP: 6/11
 10950 | D:9      | Found a shadowy altar of Dithmenos.
 11326 | D:10     | Entered Level 10 of the Dungeon
 11558 | D:10     | Found a blossoming altar of Fedhas.
 11561 | D:10     | Found a hazy altar of Hepliaklqana.
 11564 | D:10     | Found a burning altar of Makhleb.
 11858 | D:10     | Noticed Maurice
 11884 | D:10     | Killed Maurice
 11921 | D:10     | Found a runed translucent gate.
 11921 | D:10     | Found a runed translucent gate.
 11921 | D:10     | Found a runed translucent gate.
 11924 | D:10     | Noticed Chingon's ghost (journeyman DsNe)
 12116 | D:10     | Found a stormy altar of Qazlal.
 12507 | D:10     | Found a radiant altar of Vehumet.
 13065 | D:11     | Identified the +2 leather armour "Oddaw" {rCorr}
 13319 | D:11     | Noticed a boulder beetle
 13440 | D:11     | Reached skill level 10 in Fighting
 13595 | D:11     | Reached ***** piety under Trog
 13747 | D:11     | Found a staircase to the Orcish Mines.
 14052 | D:11     | Noticed a two-headed ogre
 14059 | D:11     | Killed a two-headed ogre
 14414 | D:11     | Found a runed translucent door.
 14511 | D:11     | Noticed a minotaur
 14544 | D:11     | Killed a minotaur
 14990 | Orc:1    | Entered Level 1 of the Orcish Mines
 14990 | Orc:1    | Found Gailusch's Armour Boutique.
 15169 | Orc:1    | Gained mutation: A meltable icy envelope protects you from
                  | harm. (AC +0) [demonic ancestry]
 15169 | Orc:1    | Reached XP level 12. HP: 70/100 MP: 7/12
 15745 | Orc:2    | Entered Level 2 of the Orcish Mines
 15981 | Orc:2    | Noticed a two-headed ogre
 15981 | Orc:2    | Noticed a two-headed ogre
 15981 | Orc:2    | Noticed a two-headed ogre
 15982 | Orc:2    | Noticed a two-headed ogre
 15984 | Orc:2    | Found Tusteur's Assorted Antiques.
 15984 | Orc:2    | Noticed an ogre mage
 16047 | Orc:2    | Noticed a two-headed ogre
 16047 | Orc:2    | Noticed a two-headed ogre
 16054 | Orc:1    | Killed a two-headed ogre
 16060 | Orc:1    | Killed a two-headed ogre
 16061 | Orc:1    | Reached skill level 10 in Unarmed Combat
 16224 | Orc:1    | Killed a two-headed ogre
 16226 | Orc:1    | Received a gift from Trog
 16328 | Orc:1    | Killed a two-headed ogre
 16333 | Orc:1    | Killed a two-headed ogre
 16334 | Orc:1    | Reached skill level 10 in Armour
 16552 | Orc:1    | Killed a two-headed ogre
 16599 | Orc:2    | Noticed an ogre mage
 16617 | Orc:1    | Killed an ogre mage
 16620 | Orc:2    | Noticed an ettin
 16636 | Orc:1    | Slain by an ettin

Illustrated notes

Levels and vault maps discovered:
D:1:      dpeg_arrival_line_fractal, layout_loops_corners, serial_shops, shop,
          ebering_ecumenical_altar_ruins
D:2:      layout_loops_ring
D:3:      layout_basic, ebering_ghost_disaster_area, st_stairs_8
D:4:      minmay_diamond_boxcup, layout_basic, minmay_temple_entry_hall,
          uniq_robin
D:5:      layout_loops_cross, minivault_24, hellmonk_no_cap
D:6:      layout_cave_pods
D:7:      layout_gridville, nicolae_evil_shop
D:8:      layout_layer_cave, mainiacjoe_overflow_tiny_flanked,
          mainiacjoe_overflow_boulevard, serial_glass, glass_columns_a,
          glass_columns_a, serial_shops, nicolae_shop_drivethru, nicolae_titane
D:9:      layout_cave_pods, old_standard_altar, david_lair_generic,
          enter_bailey_5
D:10:     layout_small_grid, general_overflow_altar,
          mainiacjoe_overflow_catwalk_spiral, nicolae_overflow_squiral,
          nicolae_overflow_crystal_walls, ebering_ghost_rock_garden,
          uniq_maurice
D:11:     dreamdust_labyrinth, layout_grid_maze,
          kennysheep_orc_monster_closet_entryway, tso_metal_star
Orc:1:    layout_caves, serial_shops, nicolae_shop_advertising_works
          [nicolae_subvault_shop_adworks], basic_altar,
          dreamdust_deal_with_the_devil, nicolae_orc_damp_corner
Orc:2:    st_orc_open, layout_caves, serial_shops, nicolae_shop_hallway_plus,
          nicolae_orc_pool_cavern, uniq_josephine

Skill      XL: |  1  2  3  4  5  6  7  8  9 10 11 12 |
---------------+-------------------------------------+-----
Fighting       | 4 5 6 7 11 | 11.2
Dodging        | 3 6 |  6.7
Armour         | 2 7 9 10 | 10.6
Unarmed Combat | 6 8 9 11 | 11.1
Shields        | 5 6 |  6.0

Action                     |  1- 3 |  4- 6 |  7- 9 | 10-12 || total
---------------------------+-------+-------+-------+-------++-------
  Melee: Unarmed           |   115 |   131 |   296 |   656 ||  1198
         Punch             |       |     3 |    16 |    43 ||    62
 Invoke: Berserk           |     1 |       |     3 |     6 ||    10
         Brothers in Arms  |       |       |       |     1 ||     1
  Evoke: Wand              |       |       |     4 |     8 ||    12
    Use: Potion            |       |     8 |     5 |     5 ||    18
         Scroll            |       |     7 |     8 |     2 ||    17
   Stab: Sleeping          |     2 |     2 |       |       ||     4
 Armour: Animal skin       |    24 |    23 |       |       ||    47
         Ring mail         |       |    16 |    63 |    33 ||   112
         Steam dragon scal |       |       |    37 |   179 ||   216
         Crystal plate arm |       |       |       |   173 ||   173
  Dodge: Dodged            |    60 |    55 |   155 |   486 ||   756
  Block: Other             |       |    12 |    38 |   126 ||   176

Table legend: (Time is in decaauts)
 A = Elapsed time spent in this place.
 B = Non-inter-level travel time spent in this place.
 C = Inter-level travel time spent in this place.
 D = Time resting spent in this place.
 E = Time spent auto-exploring this place.
 F = Levels seen in this place.
 G = Mean time per level.
                   A        B        C        D        E       F      G
               +--------+--------+--------+--------+--------+-----+--------+
         Total |  16602 |  16084 |    518 |   2525 |  10814 |  14 | 1185.9 |
       Dungeon |  13796 |  13291 |    505 |   1331 |   9897 |  11 | 1254.2 |
  Orcish Mines |   1659 |   1647 |     12 |    755 |    541 |   2 |  829.5 |
        Bailey |   1146 |   1146 |      0 |    438 |    375 |   1 | 1146.0 |
               +--------+--------+--------+--------+--------+-----+--------+

Top non-repeatable levels by time:
    D:11: 2347 daAuts
     D:8: 1572 daAuts
     D:9: 1466 daAuts
   Orc:1: 1389 daAuts
     D:4: 1283 daAuts
    D:10: 1180 daAuts
     D:5: 1172 daAuts
  Bailey: 1146 daAuts
     D:1: 1135 daAuts
     D:6: 1078 daAuts
     D:2: 887 daAuts
     D:7: 881 daAuts
     D:3: 790 daAuts
   Orc:2: 270 daAuts
